 Dungeon Crawl Stone Soup version 0.28.0-43-g3370ac3207 (webtiles) character file.

Game seed: 1542060504009441432

37 nickcage the Firebug (level 3, 0/19 HPs)
             Began as a Deep Elf Fire Elementalist on Mar 14, 2022.
             Slain by a goblin
             ... wielding a +0 club
             ... led by Robin
              (5 damage)
             ... on level 2 of the Dungeon.
             The game lasted 00:04:24 (1431 turns).

nickcage the Firebug (Deep Elf Fire Elementalist)   Turns: 1431, Time: 00:04:25

Health: 0/19       AC:  2    Str:  5    XL:     3   Next: 23%
Magic:  2/9        EV: 12    Int: 21    God:
Gold:   65         SH:  0    Dex: 15    Spells: 5/8 levels left

rFire   + . .      SeeInvis .   f - staff of fire
rCold   . . .      Faith    .   (no shield)
rNeg    . . .      Spirit   .   a - +0 robe
rPois   .          Reflect  .   (no helmet)
rElec   .          Harm     .   e - scarf {repulsion}
rCorr   .          Rampage  .   (no gloves)
Will    .....                   (no boots)
Stlth   ++........              (no amulet)
HPRegen 0.06/turn               (no ring)
MPRegen 0.11/turn               (no ring)

@: repel missiles
A: no striking features
a: no special abilities


You were on level 2 of the Dungeon.
You visited 1 branch of the dungeon, and saw 2 of its levels.

You collected 65 gold pieces.

Inventory:

Armour
 a - a +0 robe (worn)
 e - a scarf of repulsion (worn)
Magical Staves
 b - a staff of death
 f - a staff of fire (weapon)
Scrolls
 c - a scroll of fear {unknown}
 d - 3 scrolls of identify {unknown}
 i - a scroll of blinking {unknown}
Potions
 g - a potion of degeneration {unknown}
 h - a potion of heal wounds {unknown}


   Skills:
 - Level 2.4 Dodging
 - Level 2.4 Stealth
 - Level 3.0 Spellcasting
 - Level 1.1 Conjurations
 + Level 4.8 Fire Magic


You had 5 spell levels left.
You knew the following spells:

 Your Spells              Type           Power      Damage    Failure   Level
a - Foxfire               Conj/Fire      92%        2x1d8     4%          1
b - Scorch                Fire           70%        2d8       2%          2

Your spell library contained the following spells:

 Spells                   Type           Power      Damage    Failure   Level
 Conjure Flame            Conj/Fire      23%        6-21      12%         3
 Inner Flame              Hex/Fire       20%        N/A       14%         3
 Flame Wave               Conj/Fire      23%        2d7       36%         4


Dungeon Overview and Level Annotations

Branches:
Dungeon (2/15)

Altars:

Annotations:
D:2 Robin


Message History

A bat comes into view.
A hobgoblin comes into view.
A goblin and a hobgoblin come into view.
The hobgoblin shouts!
A goblin comes into view. It is wielding a +0 dagger.
The goblin shouts!
You hear a shout! x2; The goblin shouts!
Robin of the Strong Arm comes into view.
They are wielding a +4 club.
You feel a surge of power!
Flames lash the bat.
You kill the bat!
The hobgoblin shouts!
You hear a shout!
You feel a surge of power!
Flames lash the hobgoblin.
You kill the hobgoblin!
You hear a shout! x4
A goblin comes into view. It is wielding a +0 club.
Robin throws the goblin at you!
You feel a surge of power!
Flames lash the goblin.
You kill the goblin!
A goblin comes into view. It is wielding a +0 club.
Robin says, "Feeling lonely?"
Robin roars a battlecry!
The goblins go into a battle-frenzy!
You feel a surge of power!
Flames lash the goblin.
You kill the goblin!
A hobgoblin comes into view.
Robin throws the goblin at you!
You hit the goblin but do no damage. The goblin hits you with a +0 club.
A goblin comes into view. It is wielding a +0 club.
You miss the goblin. The goblin hits you with a +0 club. x2
A goblin comes into view. It is wielding a +0 dagger.
The goblin hits you but does no damage.
You barely miss the goblin.
A hobgoblin comes into view.
The goblin hits you but does no damage. The goblin barely misses you.
You hit the goblin but do no damage. The hobgoblin completely misses you.
The goblin barely misses you. The goblin misses you.
You barely miss the goblin. The goblin closely misses you. x2
You closely miss the goblin. The hobgoblin hits you.
* * * LOW HITPOINT WARNING * * *
The goblin hits you with a +0 club.
You die...

#...#..............
#8.8##############.
#.†.# #. #8.8# #.
#...# #. #♣.8# ##
#...# #8g8#
#g@g#### ##
#8g8#..# #.
#g).##.# #.
#♣g8##.###########.
.g.#.>.........(#.
♣.8##.#########.#.
.g.##.# #.#.
8.♣#..# #... ####
###.


You could see Robin, 3 hobgoblins and 4 goblins.

Vanquished Creatures
  A dart slug (D:1)
  A bat (D:2)
  4 endoplasms
  5 giant cockroaches
  5 goblins
  3 hobgoblins
  A kobold (D:1)
  A quokka (D:1)
  3 ball pythons
  3 frilled lizards (D:1)
  2 rats (D:2)
29 creatures vanquished.

Vanquished Creatures (others)
  18 foxfires (D:1)
18 creatures vanquished.

Grand Total: 47 creatures vanquished

Notes
Turn   | Place    | Note
-------+----------+-------------------------------------------
     0 | D:1      | nickcage the Deep Elf Fire Elementalist began the quest for
                  | the Orb.
     0 | D:1      | Reached XP level 1. HP: 10/10 MP: 6/6
   415 | D:1      | Reached XP level 2. HP: 15/15 MP: 2/8
   418 | D:1      | Learned a level 2 spell: Scorch
   424 | D:1      | Reached skill level 4 in Fire Magic
   757 | D:1      | Found Plog's Antique Armour Shop.
  1248 | D:2      | Reached XP level 3. HP: 19/19 MP: 6/9
  1421 | D:2      | Noticed Robin
  1431 | D:2      | Slain by a goblin

Illustrated notes

Levels and vault maps discovered:
D:1:      dpeg_chamrin_arrival_tetris, layout_loops_cross, serial_shops,
          nicolae_shop_crystal
D:2:      layout_loops_cross, ebering_ecumenical_altar_webs, chequers_avenue,
          uniq_crazy_yiuf_cottage, uniq_robin

Skill      XL: |  1  2 |
---------------+-------+-----
Fire Magic     | 4 |  4.8
Dodging        | |  2.4
Stealth        | |  2.4
Spellcasting   | |  3.0
Conjurations   | |  1.1

Action                   || total
-------------------------++-------
Melee: Staff             ||    23
 Cast: Foxfire           ||    13
       Scorch            ||    18
 Stab: Sleeping          ||     4
Armor: Robe              ||     7
Dodge: Dodged            ||    19
